 Dungeon Crawl Stone Soup version 0.21-a0-442-g848f44b (webtiles) character file.

158 JackS81 the Sneak (level 5, -4/33 HPs)
             Began as an Octopode Transmuter on Nov 12, 2017.
             Slain by Crazy Yiuf
             ... wielding a +3 quarterstaff of chaos
              (10 damage)
             ... on level 3 of the Dungeon.
             The game lasted 00:11:20 (3344 turns).

JackS81 the Sneak (Octopode Transmuter)             Turns: 3344, Time: 00:11:22

Health: -4/33      AC:  1    Str:  9    XL:     5   Next: 40%
Magic:  6/8        EV: 14    Int: 17    God:
Gold:   135        SH:  3    Dex: 12    Spells: 2/8 levels left

rFire    + . .     SeeInvis +     - Unarmed
rCold    . . .     Gourm    .   (no shield)
rNeg     . . .     Faith    .   D - +0 hat
rPois    .         Spirit   .   e - +3 amulet of reflection
rElec    .         Reflect  +   q - ring of resist corrosion
rCorr    +         Harm     .   r - ring of see invisible
MR       .....                  y - ring of protection from fire
Stlth    +++.......             (no ring)
HPRegen  0.11/turn              (no ring)
MPRegen  0.11/turn              (no ring)
                                (no ring)
                                (no ring)

@: lethally poisoned (-4 -> -11), berserk cooldown, slowed, very slow
A: almost no armour, stealthy swim, amphibious, 8 rings, constrict 8, camouflage
1, gelatinous body 1
a: no special abilities


You were on level 3 of the Dungeon.
You were not hungry.

You visited 1 branch of the dungeon, and saw 3 of its levels.

You collected 135 gold pieces.

Inventory:

Hand Weapons
 h - a +2 dagger of pain
Missiles
 a - 2 arrows
 k - 22 sling bullets
 B - 14 poisoned needles
 C - a throwing net (quivered)
Armour
 D - a +0 hat (worn)
Jewellery
 e - a +3 amulet of reflection (around mantle)
 q - a ring of resist corrosion (left tentacle)
 r - a ring of see invisible (right tentacle)
 s - an uncursed amulet of harm
 y - a ring of protection from fire (on tentacle)
Wands
 v - a wand of random effects (22/48)
Scrolls
 f - 3 scrolls of enchant armour
 g - a scroll of teleportation
 w - a scroll of fear {unknown}
 x - a scroll of magic mapping
 A - 2 scrolls of identify
 E - a scroll of recharging {unknown}
Potions
 n - 2 potions of magic {unknown}
 o - a potion of resistance {unknown}
 p - a potion of flight {unknown}
 t - a potion of invisibility {unknown}
 z - a potion of brilliance {unknown}
 F - 2 potions of curing
Books
 b - a book of Changes

   Spells                             Type                      Level
   a - Beastly Appendage              Transmutation                1
   b - Sticks to Snakes               Transmutation                2
   c - Spider Form                    Transmutation/Poison         3
   d - Ice Form                       Ice/Transmutation            4
   e - Blade Hands                    Transmutation                5
 u - a book of Cantrips

   Spells                             Type                      Level
   a - Confusing Touch                Hexes                        1
   b - Animate Skeleton               Necromancy                   1
   c - Summon Small Mammal            Summoning                    1
   d - Apportation                    Translocation                1
Comestibles
 c - 4 bread rations
 i - 2 royal jellies
 j - 3 meat rations
 l - 8 fruits
 m - 2 chunks of flesh


   Skills:
 * Level 1.0 Fighting
 - Level 3.0 Dodging
 * Level 3.8 Stealth
 * Level 3.0 Unarmed Combat
 - Level 2.0 Spellcasting
 * Level 3.7 Transmutations
 * Level 1.0 Poison Magic


You had 2 spell levels left.
You knew the following spells:

 Your Spells              Type           Power        Failure   Level  Hunger
a - Beastly Appendage     Tmut           ##....       4%          1    #......
b - Sticks to Snakes      Tmut           ##......     6%          2    ###....
c - Spider Form           Tmut/Pois      #.........   22%         3    ###....


Dungeon Overview and Level Annotations

Branches:
Dungeon (3/15)

Altars:
Wu Jian

Annotations:
D:3 Crazy Yiuf


Innate Abilities, Weirdness & Mutations

You cannot wear most types of armour.
You are very stealthy in the water. (Stealth+)
You are amphibious.
You can wear up to eight rings at the same time.
You can use your tentacles to constrict eight enemies at once.
Your skin changes colour to match your surroundings (Stealth+).
Your rubbery body absorbs attacks. (AC +1, EV +1)


Message History

Crazy Yiuf hits you with a quarterstaff of chaos!
You tentacle-slap Crazy Yiuf but do no damage.
You grab Crazy Yiuf.
Crazy Yiuf is moderately wounded.
You constrict Crazy Yiuf.
Crazy Yiuf hits you with a quarterstaff of chaos!
You tentacle-slap Crazy Yiuf.
Crazy Yiuf is moderately wounded.
You constrict Crazy Yiuf, but do no damage.
Crazy Yiuf hits you with a quarterstaff of chaos.
* * * LOW HITPOINT WARNING * * *
You are lethally poisoned!
Crazy Yiuf misses you.
Casting: Beastly Appendage
Confirm with . or Enter, or press ? or * to list all spells.
You create a snake!
You now have 2 arrows.
You constrict Crazy Yiuf.
* * * LOW HITPOINT WARNING * * *
You feel sick.
Crazy Yiuf hits you with a quarterstaff of chaos!
You die...

..+....[..................'......
..####)..#..#.#........####......
.## #......#.#.###.#..# ##.....
.######.##.###### ####.# ##...[
..≈.≈......# #.# ##...
.......≈≈### ##### #.# ##..
≈≈≈≈≈≈≈..# #)..# #.# #.#
≈≈≈≈≈≈≈≈.# #.g.# #.# #.#
≈≈≈≈≈≈≈≈≈# #S@.# ### ##.#
≈.≈≈≈≈≈≈.# ##'## ### ##...
≈._≈≈≈≈..# ♣.♣♣ #.######....
≈♣.≈≈≈≈.≈# ♣♣.♣ #...........
≈≈≈≈≈≈≈.≈# ♣.♣♣ ##########.#
≈≈≈≈≈≈≈..# ♣♣.♣ #.. ≈≈≈≈≈≈≈..#
♣♣.♣♣ #.# ≈≈≈≈≈≈.≈≈# ♣♣...♣ #.#
≈..≈.....# ♣....♣ #.#


You could see Crazy Yiuf and a friendly ball python.

Vanquished Creatures
  Jessica (D:2)
  Terence (D:2)
  3 adders
  A worm (D:2)
  3 leopard geckos
  5 bats
  5 giant cockroaches
  16 hobgoblins
  2 jackals (D:1)
  4 kobolds
  A quokka (D:2)
  4 frilled lizards
  14 goblins
  5 rats
65 creatures vanquished.

Vanquished Creatures (collateral kills)
  Robin (D:2)
  A dart slug (D:3)
  2 goblins (D:2)
4 creatures vanquished.

Grand Total: 69 creatures vanquished

Notes
Turn   | Place    | Note
-------+----------+-------------------------------------------
     0 | D:1      | JackS81 the Octopode Transmuter began the quest for the Orb.
     0 | D:1      | Reached XP level 1. HP: 13/13 MP: 3/3
    78 | D:1      | Reached skill level 1 in Stealth
   124 | D:1      | Reached XP level 2. HP: 15/18 MP: 3/5
   131 | D:1      | Learned a level 2 spell: Sticks to Snakes
   816 | D:1      | Reached XP level 3. HP: 23/23 MP: 4/6
   894 | D:2      | Noticed Terence
   910 | D:2      | Killed Terence
  1079 | D:2      | Learned a level 3 spell: Spider Form
  1258 | D:2      | Reached XP level 4. HP: 27/28 MP: 5/7
  1688 | D:2      | Noticed Jessica
  1703 | D:2      | Killed Jessica
  1710 | D:2      | Noticed Robin
  1728 | D:2      | Killed Robin
  1742 | D:2      | HP: 1/28 [goblin/dagger of pain[Robin] (3)]
  2099 | D:2      | Reached XP level 5. HP: 31/33 MP: 6/8
  2869 | D:3      | Found an ornate altar of the Wu Jian Council.
  2933 | D:3      | Reached skill level 1 in Poison Magic
  3036 | D:3      | Found a faded altar of an unknown god.
  3333 | D:3      | Found a runed door.
  3338 | D:3      | Noticed Crazy Yiuf
  3344 | D:3      | Slain by Crazy Yiuf

Vault maps used:
D:1:      mrwooster_arrival_statue_2, st_stairs_10, hangedman_decor_opposing
D:2:      minmay_tetromino_l2, uniq_robin, uniq_terence, uniq_jessica
D:3:      overflow_temple_1_default, chequers_ecumenical_altar_island,
          uniq_crazy_yiuf_cottage

Skill      XL: |  1  2  3  4  5 |
---------------+----------------+-----
Stealth        | 1 2 3 |  3.8
Transmutations | 3 |  3.7
Dodging        | 3 |  3.0
Poison Magic   | 1 |  1.0
Fighting       | |  1.0
Unarmed Combat | |  3.0
Spellcasting   | |  2.0

Action                   |  1- 3 |  4- 6 || total
-------------------------+-------+-------++-------
Melee: Unarmed           |    72 |    95 ||   167
       Constrict         |    18 |    22 ||    40
       Kick              |    12 |    18 ||    30
       Tentacles         |     9 |     6 ||    15
       Punch             |     2 |     2 ||     4
 Cast: Beastly Appendage |    13 |    21 ||    34
       Sticks to Snakes  |     2 |     8 ||    10
       Spider Form       |       |     2 ||     2
  Use: Scroll            |       |     8 ||     8
       Potion            |       |     3 ||     3
 Stab: Sleeping          |     5 |     8 ||    13
  Eat: Chunk             |     1 |     8 ||     9
Armor: Skin              |     2 |     1 ||     3
Dodge: Dodged            |    33 |    33 ||    66
Block: Other             |     6 |    11 ||    17

Table legend:
 A = Spawn XP
 B = Non-spawn XP
 C = Spawn XP percentage of total XP
 D = Spawn monster count
 E = Non-spawn monster count
 F = Spawn count percentage of total count
 G = Total turns spent on level
                    A         B        C        D         E        F      G
               +---------+---------+-------+---------+---------+-------+---------
         Total |       0 |     227 |   0.0 |       0 |      69 |   0.0 |  3344
               +---------+---------+-------+---------+---------+-------+---------
           D:1 |       0 |      35 |   0.0 |       0 |      20 |   0.0 |   858
           D:2 |       0 |     151 |   0.0 |       0 |      30 |   0.0 |  1663
           D:3 |       0 |      41 |   0.0 |       0 |      19 |   0.0 |   823
               +---------+---------+-------+---------+---------+-------+---------
